 Dungeon Crawl Stone Soup version 0.27-a0-263-gc8dee61f84 (webtiles) character file.

Game seed: 418455449459668905

11 knot the Chopper (level 2, 21/24 HPs)
             Began as a Demonspawn Berserker on Feb 5, 2021.
             Was a Follower of Trog.
             Quit the game on level 1 of the Dungeon.
             The game lasted 00:00:11 (205 turns).

knot the Chopper (Demonspawn Berserker)              Turns: 205, Time: 00:00:11

Health: 21/24      AC:  2    Str: 17    XL:     2   Next: 13%
Magic:  2/2        EV: 12    Int:  8    God:    Trog [*.....]
Gold:   0          SH:  0    Dex: 12    Spells: 1/1 levels left

rFire    . . .     SeeInvis .   a - +0 hand axe
rCold    . . .     Faith    .   (no shield)
rNeg     . . .     Spirit   .   b - +0 animal skin
rPois    .         Reflect  .   (no helmet)
rElec    .         Harm     .   (no cloak)
rCorr    .         Rampage  .   (no gloves)
Will     .....                  (no boots)
Stlth    +.........             (no amulet)
HPRegen  0.08/turn              (no ring)
MPRegen  0.08/turn              (no ring)

@: no status effects
A: foul stench 1
a: Renounce Religion, Berserk


You were on level 1 of the Dungeon.
You worshipped Trog.
Trog was aware of your devotion.
You visited 1 branch of the dungeon, and saw 1 of its levels.

Inventory:

Hand Weapons
 a - a +0 hand axe (weapon)
Armour
 b - a +0 animal skin (worn)
Scrolls
 c - a scroll of immolation {unknown}


   Skills:
 - Level 3.0 Fighting
 + Level 3.3 Axes
 - Level 1.7 Armour
 - Level 1.7 Dodging


You had one spell level left.
You didn't know any spells.
Your spell library was empty.

Dungeon Overview and Level Annotations

Branches:
Dungeon (1/15)

Altars:


Innate Abilities, Weirdness & Mutations

You may rarely emit foul miasma when damaged in melee.


Message History

The ooze closely misses you.
You hit the ooze but do no damage.
The kobold shouts!
The ooze barely misses you.
The kobold throws a stone.
The stone misses you. The bat closely misses you.
You hit the ooze.
The ooze is moderately wounded.
You barely miss the bat. The bat hits you but does no damage.
The ooze closely misses you.
You hit the ooze.
The ooze is severely wounded.
The bat hits you. The ooze misses you.
You hit the ooze.
You kill the ooze!
Trog accepts your kill.
You barely miss the bat. The bat hits you. The bat hits you but does no damage.
You have reached level 2!
Your demonic ancestry asserts itself...
You begin to emit a foul stench of rot and decay.
Are you sure you want to abandon this character and quit the game? (Confirm with "yes".)

#..........# #....
#..........# #....
#..........# .##....
#....).....# ......
#..........# #....
#..........# ...
#..........# ...
#.####....†.....#
....#.@.b####..######
..........####...#
......K...##...#.#
......#....#.###†#
...#..#.##.....#.#
##....#..#..##...####
...# ##.#....##....#
.#. .......#.##.##
..............#


You could see a bat and a kobold.

Vanquished Creatures
  An ooze (D:1)
  A leopard gecko (D:1)
  A goblin (D:1)
  A hobgoblin (D:1)
  2 rats (D:1)
6 creatures vanquished.

Notes
Turn   | Place    | Note
-------+----------+-------------------------------------------
     0 | D:1      | knot the Demonspawn Berserker began the quest for the Orb.
     0 | D:1      | Reached XP level 1. HP: 18/18 MP: 1/1
   205 | D:1      | Gained mutation: You may rarely emit foul miasma when
                  | damaged in melee. [demonic ancestry]
   205 | D:1      | Reached XP level 2. HP: 21/24 MP: 2/2
   205 | D:1      | Quit the game

Illustrated notes

Levels and vault maps discovered:
D:1:      ncdulo_smallfort, layout_rooms

Skill      XL: |  1 |
---------------+----+-----
Axes           | 3 |  3.3
Fighting       | |  3.0
Armour         | |  1.7
Dodging        | |  1.7

Action                   || total
-------------------------++-------
Melee: Hand axe          ||    13
Armor: Animal skin       ||     3
Dodge: Dodged            ||     8

Table legend: (Time is in decaauts)
 A = Elapsed time spent in this place.
 B = Non-inter-level travel time spent in this place.
 C = Inter-level travel time spent in this place.
 D = Time resting spent in this place.
 E = Time spent auto-exploring this place.
 F = Levels seen in this place.
 G = Mean time per level.
                   A        B        C        D        E       F      G
               +--------+--------+--------+--------+--------+-----+--------+
         Total |    206 |    206 |      0 |      0 |    167 |   1 |  206.0 |
       Dungeon |    206 |    206 |      0 |      0 |    167 |   1 |  206.0 |
               +--------+--------+--------+--------+--------+-----+--------+

Top non-repeatable levels by time:
     D:1: 206 daAuts
